 Dungeon Crawl Stone Soup version 0.27.1-37-g7b29ead8ac (webtiles) character file.

Game seed: 4544679982695842936

15285 Delamore the Covert (level 12, -2/130 HPs)
             Began as an Octopode Brigand on Aug 9, 2023.
             Was an Initiate of Gozag.
             Engulfed by a cloud of flame (6 damage)
             ... in a Gauntlet.
             The game lasted 00:28:36 (9857 turns).

Delamore the Covert (Octopode Brigand)              Turns: 9857, Time: 00:28:37

Health: -2/130     AC:  6    Str: 16    XL:     12   Next: 25%
Magic:  16/16      EV: 21    Int: 20    God:    Gozag
Gold:   1328       SH:  0    Dex: 24    Spells: 11/17 levels left

rFire    . . .     SeeInvis .   u - +8 rapier "Dywasmau" {flame, rPois rC+}
rCold    + . .     Faith    .   (no shield)
rNeg     . . .     Spirit   .   F - +1 hat
rPois    +         Reflect  .   h - amulet of regeneration
rElec    .         Harm     .   t - +4 ring of protection
rCorr    +         Rampage  .   C - +6 ring of intelligence
Will     .....     NoTele   +   D - +6 ring of dexterity
Stlth    ..........             E - ring of wizardry
HPRegen  1.31/turn              P - +6 ring of strength
MPRegen  0.15/turn              A - ring of resist corrosion
                                (no ring)
                                (no ring)

@: berserking, gold aura, studying 2 skills, very quick
A: almost no armour, amphibious, 8 rings, camouflage 1, gelatinous body 1,
(nimble swimmer 1), tentacles
a: Renounce Religion, Potion Petition, Call Merchant, Bribe Branch


You were in a Gauntlet.
You worshipped Gozag.
Gozag was most pleased with you.
You visited 2 branches of the dungeon, and saw 12 of its levels.
You also visited: Gauntlet.

You collected 1469 gold pieces.
You paid 141 gold pieces to Gozag.

Inventory:

Hand Weapons
 u - the +8 rapier "Dywasmau" (weapon) {flame, rPois rC+}
   (You acquired it on level 9 of the Dungeon)

   It burns those it strikes, dealing additional fire damage.
   rC:        It protects you from cold.
   rPois:     It protects you from poison.
 y - a +0 rapier
 z - the +4 dagger of Grand Fortitude {pain, *Rage rF+ Int+6 SInv}
   (You found it on level 5 of the Dungeon)

   In the hands of one skilled in necromantic magic, it inflicts extra damage on
   living creatures.
   Int:       It affects your intelligence (+6).
   rF:        It protects you from fire.
   SInv:      It lets you see invisible.
   *Rage:     It may make you go berserk in combat.
Missiles
 b - 80 poisoned darts
 k - 275 stones
 H - 4 boomerangs of dispersal
 R - 2 curare-tipped darts (quivered)
Armour
 F - a +1 hat (worn)
Jewellery
 h - an amulet of regeneration (around mantle)
 t - a +4 ring of protection (left tentacle)
 A - a ring of resist corrosion (on tentacle)
 C - a +6 ring of intelligence (right tentacle)
 D - a +6 ring of dexterity (on tentacle)
 E - a ring of wizardry (on tentacle)
 P - a +6 ring of strength (on tentacle)
Wands
 d - a wand of digging (2)
 G - a wand of mindburst (19)
 L - a wand of flame (1)
Scrolls
 a - 3 scrolls of identify
 e - 4 scrolls of teleportation
 g - a scroll of summoning
 j - 3 scrolls of blinking
 m - a scroll of enchant armour
 r - a scroll of vulnerability
 v - 2 scrolls of noise
 J - a scroll of enchant weapon {unknown}
 M - 2 scrolls of fear {unknown}
 S - 4 scrolls of fog {unknown}
Potions
 f - 2 potions of invisibility
 i - 3 potions of berserk rage
 l - a potion of cancellation {unknown}
 n - 3 potions of brilliance
 o - 3 potions of ambrosia {unknown}
 p - a potion of resistance {unknown}
 q - 2 potions of heal wounds {unknown}
 s - a potion of flight {unknown}
 w - a potion of attraction {unknown}
 x - 3 potions of magic {unknown}
 B - 5 potions of degeneration {unknown}
 I - a potion of mutation {unknown}
 K - a potion of haste {unknown}


   Skills:
 + Level 10.0 Fighting
 - Level 10.0 Short Blades
 - Level 5.0 Throwing
 + Level 10.0 Dodging
 + Level 10.1 Stealth
 + Level 3.2 Spellcasting
 - Level 5.0 Hexes


You had 11 spell levels left.
You knew the following spells:

 Your Spells              Type           Power      Damage    Failure   Level
a - Confusing Touch       Hex            23%        N/A       2%          3
b - Dazzling Flash        Conj/Hex       26%        N/A       6%          3

Your spell library contained the following spells:

 Spells                   Type           Power      Damage    Failure   Level
 Slow                     Hex            23%        N/A       1%          2
 Corpse Rot               Necr/Air       N/A        N/A       9%          2
 Sublimation of Blood     Necr           1%         N/A       9%          2
 Wereblood                Tmut           3%         N/A       9%          2
 Conjure Flame            Conj/Fire      3%         6-21      16%         3
 Dispel Undead            Necr           3%         3d7       45%         4
 Silence                  Hex/Air        6%         N/A       45%         5
 Yara's Violent Unravell  Hex/Tmut       6%         3d5       45%         5
 Agony                    Necr           3%         N/A       80%         5
 Blade Hands              Tmut           1%         N/A       80%         5
 Freezing Cloud           Conj/Ice/Air   1%         6-21      80%         5
 Irradiate                Conj/Tmut      1%         3d14      80%         5
 Lightning Bolt           Conj/Air       1%         1d12      80%         5
 Death Channel            Necr           1%         N/A       100%        6
 Dragon Form              Tmut           1%         N/A       100%        7
 Summon Hydra             Summ           1%         N/A       100%        7


Dungeon Overview and Level Annotations

Branches:
Dungeon (11/15)            Temple (1/1) D:7            Lair (0/6) D:8
    Orc (0/2) D:10        Gauntlet (1/1)

Altars:
Ashenzari
Cheibriados
Dithmenos
Elyvilon
Fedhas
Gozag
Hepliaklqana
Kikubaaqudgha
Makhleb
Nemelex Xobeh
Okawaru
Qazlal
Ru
Sif Muna
Trog
Uskayaw
Vehumet
Wu Jian
Xom
Yredelemnul
Zin
The Shining One
Beogh

Shops:
D:9 *

Annotations:
D:6 3 runed translucent doors, CrazyMind's ghost, novice OpEE Gauntlet 5 transporters, 16 runed translucent doors, exclusion: orange crystal statue


Innate Abilities, Weirdness & Mutations

You cannot wear most types of armour.
You are amphibious.
You can wear up to eight rings at the same time.
Your skin changes colour to match your surroundings (Stealth+).
Your rubbery body absorbs attacks. (AC +1, EV +1)
((You are camouflaged near water. (Stealth+)))
You have tentacles for arms and can constrict up to eight enemies at once.


Message History

The fire crab claws you.
You are engulfed in flames!
You hit the fire crab but do no damage.
You squeeze the fire crab, but do no damage.
The fire crab is severely wounded.
You constrict the fire crab, but do no damage.
The fire crab breathes flames at you. The blast of flame misses you.
You hit the fire crab.
The fire crab is severely wounded.
You are engulfed in blazing flames.
You constrict the fire crab.
Okay, then.
Okay, then.
You hit the fire crab but do no damage. You squeeze the fire crab.
The fire crab is almost dead.
You are engulfed in blazing flames.
* * * LOW HITPOINT WARNING * * *
You constrict the fire crab. The fire crab breathes flames at you.
The blast of flame engulfs you.
* * * LOW HITPOINT WARNING * * *
You hit the fire crab.
The fire crab is almost dead.
You are engulfed in blazing flames.
* * * LOW HITPOINT WARNING * * *
You constrict the fire crab, but do no damage.
The fire crab breathes flames at you.
The blast of flame engulfs you but does no damage.
Okay, then.
A red film seems to cover your vision as you go berserk!
You feel yourself moving faster!
You feel mighty!
You are engulfed in blazing flames.
* * * LOW HITPOINT WARNING * * *
You constrict the fire crab.
You kill the fire crab!
The fire bat closely misses you. The fire bat completely misses you.
Your life force feels restored.
You miss the fire bat. You grab the fire bat.
You are engulfed in blazing flames.
You die...
Your body crumbles into a pile of gold.

##...#..###x...##x#####?.##.##.
...8.#..#©######..#...#.##...##
##...#..##...xXx..#...#........
#...#..###########...#########
##.©.#≈.............≈..........
.....#∩§...........≈8§........∩
##.©.#≈§............≈..........
#...#.§###########...#########
##...#..#.##..@####...#.....#..
...8.#..#.#..##bb##...#..##..#.
##...#..#.##.#.#..#...#..#..##.
#.8.#..#?##....###...#..##..#.
#...#..#©...##.###...#©.#.©##.
#≈8≈#..#=##.##...#...#..##..#.
#####..#.###...###...#[.#..##.
###..#....#..###...#..##..#.
#8#..#.##.###..#...#.....#..


You could see a large abomination, 2 small abominations and 2 fire bats.

Vanquished Creatures
  Josephine (D:10)
  Erica (D:8)
  A boulder beetle (D:7)
  3 two-headed ogres
  A fire crab (Gauntlet)
  A sixfirhy (Gauntlet)
  A necromancer (Gauntlet)
  A worldbinder (Gauntlet)
  Maurice (D:8)
  A troll (D:10)
  A hornet (D:9)
  Prince Ribbit (D:5)
  A shadow (D:7)
  A wyvern (D:8)
  5 wraiths (D:10)
  12 yaks
  3 vampire mosquitoes (D:11)
  3 steam dragons
  An acid dragon (D:10)
  6 orc warriors
  4 water moccasins
  3 ice beasts
  A black bear (D:6)
  A boggart (Gauntlet)
  6 ogres
  5 centaurs
  3 wolves (Gauntlet)
  2 kobold brigands
  A bullfrog (D:6)
  A wyvern zombie (D:7)
  2 water moccasin zombies
  A scorpion (D:6)
  A wyvern skeleton (D:7)
  10 killer bees
  A wight (D:7)
  A bullfrog zombie (D:6)
  A centaur zombie (D:7)
  3 jellies
  3 hounds
  4 orc priests
  6 iguanas
  2 centaur skeletons
  A bullfrog skeleton (D:5)
  14 orc wizards
  A gnoll (D:1)
  A howler monkey zombie (D:8)
  2 howler monkey skeletons
  11 adders
  4 shadow imps
  5 white imps
  3 ufetubi
  8 dart slugs
  31 orcs
  4 bats
  9 endoplasms
  4 giant cockroaches
  5 goblins
  8 hobgoblins
  3 jackals (D:1)
  14 kobolds
  4 quokkas
  4 ball pythons
  A frilled lizard (D:1)
  6 rats
251 creatures vanquished.

Vanquished Creatures (others)
  24 plants (D:8)
24 creatures vanquished.

Grand Total: 275 creatures vanquished

Notes
Turn   | Place    | Note
-------+----------+-------------------------------------------
     0 | D:1      | Delamore the Octopode Brigand began the quest for the Orb.
     0 | D:1      | Reached XP level 1. HP: 14/14 MP: 1/1
   423 | D:1      | Reached XP level 2. HP: 5/19 MP: 2/2
   759 | D:1      | You fall into a shaft and drop 1 floor!
   772 | D:2      | Reached XP level 3. HP: 24/24 MP: 3/3
  1514 | D:2      | Reached XP level 4. HP: 30/30 MP: 4/4
  1804 | D:2      | Reached XP level 5. HP: 36/36 MP: 5/5
  2599 | D:3      | Found a faded altar of an unknown god.
  2978 | D:4      | Noticed an ogre
  3002 | D:4      | Killed an ogre
  3003 | D:4      | Reached XP level 6. HP: 42/42 MP: 6/6
  3037 | D:4      | Learned a level 3 spell: Confusing Touch
  3498 | D:4      | Reached XP level 7. HP: 47/47 MP: 7/7
  3715 | D:5      | Entered Level 5 of the Dungeon
  3831 | D:5      | Found a bloodstained altar of Trog.
  3843 | D:5      | Identified the +4 dagger of Grand Fortitude {pain, *Rage
                  | rF+ Int+6 SInv}
  3869 | D:5      | Noticed Prince Ribbit
  3883 | D:5      | Killed Prince Ribbit
  3884 | D:5      | Reached XP level 8. HP: 49/54 MP: 8/8
  4156 | D:5      | Reached skill level 5 in Short Blades
  4156 | D:5      | Reached skill level 1 in Spellcasting
  4156 | D:5      | Reached skill level 1 in Hexes
  4177 | D:5      | Reached skill level 5 in Fighting
  4230 | D:5      | Found a hazy altar of Hepliaklqana.
  4314 | D:5      | Reached skill level 5 in Throwing
  4434 | D:5      | Found a glowing golden altar of the Shining One.
  4795 | D:6      | Reached skill level 5 in Dodging
  4795 | D:6      | Reached XP level 9. HP: 61/61 MP: 10/12
  4819 | D:6      | Found a basalt altar of Yredelemnul.
  4927 | D:6      | Found a runed translucent gate.
  4928 | D:6      | Found a runed translucent gate.
  4928 | D:6      | Noticed CrazyMind's ghost (novice OpEE)
  4931 | D:6      | Found a runed translucent gate.
  4933 | D:6      | Identified the +6 plate armour "Lymaf" {Rampage MP+9 Str+7
                  | Stlth+}
  5045 | D:6      | Learned a level 3 spell: Dazzling Flash
  5101 | D:6      | Found a shimmering altar of Xom.
  5101 | D:6      | Found a stormy altar of Qazlal.
  5527 | D:7      | Noticed a boulder beetle
  5995 | D:7      | Reached skill level 10 in Stealth
  6074 | D:7      | Killed a boulder beetle
  6075 | D:7      | Reached XP level 10. HP: 66/66 MP: 4/14
  6326 | D:7      | Found a staircase to the Ecumenical Temple.
  6335 | Temple   | Entered the Ecumenical Temple
  6383 | Temple   | Became a worshipper of Gozag Ym Sagoz the Greedy
  6743 | D:8      | Found a staircase to the Lair.
  6825 | D:8      | Noticed Maurice
  6845 | D:8      | Killed Maurice
  7050 | D:8      | Found a burning altar of Makhleb.
  7223 | D:8      | Found a broken altar of Ashenzari.
  7405 | D:9      | Reached skill level 5 in Hexes
  7434 | D:9      | Noticed a two-headed ogre
  7456 | D:9      | Killed a two-headed ogre
  7544 | D:9      | Found Cygit's Serpentskin Sales.
  7561 | D:9      | Paralysed by a hornet for 3 turns
  7643 | D:9      | Found a radiant altar of Vehumet.
  7752 | D:9      | Identified 2 scrolls of acquirement
  7752 | D:9      | Acquired a manual of Hexes
  7754 | D:9      | Acquired the +8 rapier "Dywasmau" {flame, rPois rC+}
  7836 | D:9      | Noticed Erica
  7952 | D:9      | Reached XP level 11. HP: 75/75 MP: 15/15
  7972 | D:8      | Killed Erica
  8537 | D:10     | Entered Level 10 of the Dungeon
  8706 | D:10     | Found a staircase to the Orcish Mines.
  8931 | D:10     | Noticed a two-headed ogre
  8934 | D:10     | Killed a two-headed ogre
  8989 | D:10     | Noticed Josephine
  9199 | D:10     | Killed Josephine
  9335 | D:11     | Noticed a two-headed ogre
  9351 | D:11     | Killed a two-headed ogre
  9358 | D:11     | Reached XP level 12. HP: 31/86 MP: 11/16
  9373 | D:11     | Found a gate leading to a gauntlet.
  9382 | Gauntlet | Entered a Gauntlet
  9382 | Gauntlet | Found a transporter.
  9382 | Gauntlet | Found a transporter.
  9383 | Gauntlet | Found a transporter.
  9402 | Gauntlet | Found a transporter.
  9402 | Gauntlet | Found a transporter.
  9415 | Gauntlet | Found a transporter.
  9427 | Gauntlet | Found a transporter.
  9444 | Gauntlet | Found a transporter.
  9448 | Gauntlet | Found a large runed translucent door.
  9449 | Gauntlet | Found a large runed translucent door.
  9450 | Gauntlet | Found a large runed translucent door.
  9450 | Gauntlet | Found a large runed translucent door.
  9451 | Gauntlet | Found a runed translucent gate.
  9452 | Gauntlet | Found a transporter.
  9452 | Gauntlet | Found a runed translucent gate.
  9453 | Gauntlet | Found a runed translucent gate.
  9454 | Gauntlet | Found a large runed translucent door.
  9454 | Gauntlet | Found a large runed translucent door.
  9455 | Gauntlet | Found a large runed translucent door.
  9456 | Gauntlet | Found a large runed translucent door.
  9466 | Gauntlet | Found a large runed translucent door.
  9466 | Gauntlet | Found a large runed translucent door.
  9466 | Gauntlet | Found a runed translucent door.
  9466 | Gauntlet | Found a runed translucent door.
  9467 | Gauntlet | Found a large runed translucent door.
  9468 | Gauntlet | Found a large runed translucent door.
  9470 | Gauntlet | Found a transporter.
  9511 | Gauntlet | Found a transporter.
  9513 | Gauntlet | Found a transporter.
  9647 | Gauntlet | Found a large runed translucent door.
  9648 | Gauntlet | Found a large runed translucent door.
  9685 | Gauntlet | Noticed a deep elf knight
  9701 | Gauntlet | Reached skill level 10 in Short Blades
  9714 | Gauntlet | Found a large runed translucent door.
  9714 | Gauntlet | Found a large runed translucent door.
  9770 | Gauntlet | HP: 3/79 [necromancer/bolt of negative energy (25)]
  9774 | Gauntlet | Reached skill level 10 in Fighting
  9774 | Gauntlet | Reached skill level 10 in Dodging
  9840 | Gauntlet | Got the Papyrus of Weightlessness and Combat Magic
  9856 | Gauntlet | HP: 3/126 [fire crab] (19)]
  9857 | Gauntlet | Engulfed by a cloud of flame

Illustrated notes

Levels and vault maps discovered:
D:1:      dpeg_arrival_rooms_with_view, layout_basic
D:2:      layout_rooms
D:3:      layout_basic, shapermc_ecumenical_altar_hornbeckon, serial_bayou,
          serial_bayou_pond_e, serial_bayou_pond_d, serial_bayou_lake_a,
          serial_bayou_pond_a
D:4:      layout_basic
D:5:      minmay_angry_zag, layout_basic, tso_oasis_becter,
          mainiacjoe_overflow_catwalk, bloody_trog, minivault_23,
          uniq_prince_ribbit1
D:6:      layout_rooms, mainiacjoe_overflow_tiny_flanked,
          mainiacjoe_overflow_divided_tiny, biasface_ghost_orc_armoury,
          kennysheep_generic_room_7
D:7:      layout_loops_ring, minmay_temple_entry_fiery, minmay_manual_mess
D:8:      layout_cave_pools, bloody_makhleb, ashenzari_conservatory_becter,
          david_lair_shrubbed, uniq_maurice
D:9:      layout_small_grid, vehumet_crystals, guppyfry_shop_venom, uniq_erica
D:10:     layout_loops_ring, orc_0_dummy, uniq_josephine
D:11:     layout_loops_corners, gauntlet_entry_generic, enter_bailey_2,
          uniq_sonja
Temple:   cyrus_circular_temple
Gauntlet: gammafunk_gauntlet_shortcut [gammafunk_gauntlet_arena_split_x,
          gammafunk_gauntlet_arena_spirals, gammafunk_gauntlet_arena_teeth,
          minmay_gauntlet_arena_make_your_own_arena,
          nicolae_gauntlet_arena_blocks, gammafunk_gauntlet_arena_crates,
          gauntlet_exit_watery]

Skill      XL: |  1  2  3  4  5  6  7  8  9 10 11 12 |
---------------+-------------------------------------+-----
Dodging        | 2 3 4 5 7 9 10 | 10.0
Short Blades   | 3 4 5 8 9 10 | 10.0
Fighting       | 3 4 5 7 9 10 | 10.0
Throwing       | 3 4 5 |  5.0
Stealth        | 6 7 10 | 10.1
Spellcasting   | 2 3 |  3.2
Hexes          | 2 3 5 |  5.0

Action                   |  1- 3 |  4- 6 |  7- 9 | 10-12 || total
-------------------------+-------+-------+-------+-------++-------
Melee: Dagger            |    57 |    89 |   182 |   270 ||   598
       Tentacles         |     8 |    18 |    45 |   129 ||   200
       Constrict         |    11 |    21 |    35 |    63 ||   130
       Rapier            |       |       |       |   125 ||   125
Throw: Dart              |     5 |     9 |    29 |    19 ||    62
       Stone             |       |     5 |    13 |       ||    18
 Cast: Dazzling Flash    |       |       |     3 |    20 ||    23
Evoke: Wand              |       |       |       |     5 ||     5
  Use: Scroll            |     3 |     1 |     2 |     9 ||    15
       Potion            |       |       |       |     2 ||     2
 Stab: Sleeping          |    11 |    11 |    28 |     9 ||    59
       Invisible         |       |       |     2 |    12 ||    14
       Distracted        |       |       |       |     1 ||     1
Armor: Skin              |     3 |    15 |    24 |    58 ||   100
Dodge: Dodged            |    24 |    50 |    88 |   319 ||   481
